 Dungeon Crawl Stone Soup version 0.28.0-47-ge53b351184 (webtiles) character file.

Game seed: 4173965496328180738

3273 101zpm the Magician (level 10, -6/46 HPs)
             Began as a Gargoyle Fire Elementalist on May 6, 2022.
             Was a Follower of Hepliaklqana.
             Mangled by Harold
             ... wielding a +0 mace
              (14 damage)
             ... on level 7 of the Dungeon.
             The game lasted 00:41:17 (12920 turns).

101zpm the Magician (Gargoyle Fire Elementalist)   Turns: 12920, Time: 00:41:18

Health: -6/46      AC:  9    Str:  9 (12) XL:     10   Next: 0%
Magic:  3/21       EV: 12    Int: 25 (26) God:    Hepliaklqana [*.....]
Gold:   308        SH:  0    Dex:  9 (10) Spells: 14/24 levels left

rFire   . . .      SeeInvis .   D - +1 broad axe (vamp)
rCold   . . .      Faith    .   q - orb {light}
rNeg    + . .      Spirit   .   a - +0 robe
rPois   ∞          Reflect  .   (no helmet)
rElec   +          Harm     .   (no cloak)
rCorr   .          Rampage  .   (no gloves)
Will    .....                   (no boots)
Stlth   +.........              (no amulet)
HPRegen 0.15/turn               C - +6 ring of intelligence
MPRegen 0.17/turn               (no ring)

@: glowing
A: reduced essence, sickness immunity, AC +7, negative energy resistance 1,
electricity resistance, torment resistance 1, petrification resistance
a: Renounce Religion, Recall Ancestor, Ancestor Identity


You were on level 7 of the Dungeon.
You worshipped Hepliaklqana.
Hepliaklqana was aware of your devotion.
You visited 2 branches of the dungeon, and saw 9 of its levels.
You also visited: Sewer and Ossuary.

You collected 378 gold pieces.
You spent 70 gold pieces at shops.

Inventory:

Hand Weapons
 o - a +2 hand axe of electrocution
 D - a +1 vampiric broad axe (weapon)
Missiles
 i - 4 javelins
Armour
 a - a +0 robe (worn)
 q - an orb of light (worn)
Jewellery
 C - a +6 ring of intelligence (left hand)
Wands
 c - a wand of flame (21)
 r - a wand of mindburst (17)
 I - a wand of digging (7)
Scrolls
 e - 2 scrolls of fog
 g - 2 scrolls of blinking
 h - a scroll of noise
 m - 2 scrolls of enchant armour
 s - a scroll of amnesia
 t - 3 scrolls of immolation
 u - 3 scrolls of teleportation
 w - a scroll of holy word
 x - a scroll of identify
 y - 2 scrolls of fear
 z - a scroll of silence
 A - a scroll of enchant weapon {unknown}
 B - 2 scrolls of magic mapping
 F - a scroll of vulnerability {unknown}
 H - a scroll of acquirement {unknown}
Potions
 b - 4 potions of flight
 d - 2 potions of lignification {unknown}
 f - 2 potions of cancellation {unknown}
 j - 3 potions of degeneration
 k - 2 potions of attraction {unknown}
 l - 3 potions of curing {unknown}
 n - a potion of ambrosia {unknown}
 p - a potion of brilliance {unknown}
 v - a potion of magic {unknown}
 E - a potion of might {unknown}
 G - 2 potions of heal wounds {unknown}


   Skills:
 + Level 1.0 Fighting
 + Level 0.7 Axes
 + Level 2.5 Dodging
 + Level 3.3 Stealth
 + Level 0.1 Unarmed Combat
 + Level 7.9 Spellcasting
 + Level 6.5 Conjurations
 + Level 3.3 Hexes
 + Level 7.8 Fire Magic


You had 14 spell levels left.
You knew the following spells:

 Your Spells              Type           Power      Damage    Failure   Level
a - Foxfire               Conj/Fire      100%       2x1d9     1%          1
b - Scorch                Fire           98%        2d10      1%          2
c - Conjure Flame         Conj/Fire      46%        6-21      1%          3
d - Inner Flame           Hex/Fire       38%        N/A       1%          3
e - Magic Dart            Conj           100%       1d8       1%          1

Your spell library contained the following spells:

 Spells                   Type           Power      Damage    Failure   Level
 Searing Ray              Conj           84%        2d7       1%          2
 Dazzling Flash           Conj/Hex       68%        N/A       2%          3
 Flame Wave               Conj/Fire      46%        2d10      3%          4
 Sticky Flame             Conj/Fire      46%        2d6       3%          4
 Animate Skeleton         Necr           18%        N/A       6%          1
 Pain                     Necr           36%        1d5       6%          1
 Ignite Poison            Fire/Tmut/Pois 23%        N/A       6%          3
 Mephitic Cloud           Conj/Pois/Air  20%        N/A       8%          3
 Fulminant Prism          Conj/Hex       17%        3d11      8%          4
 Vampiric Draining        Necr           9%         2d6       19%         3
 Freezing Cloud           Conj/Ice/Air   10%        6-21      56%         5
 Silence                  Hex/Air        9%         N/A       63%         5
 Agony                    Necr           9%         N/A       86%         5


Dungeon Overview and Level Annotations

Branches:
Dungeon (8/15)             Temple (1/1) D:5           Sewer (visited)
Ossuary (visited)
   Lair: D:8-11

Altars:
Ashenzari
Cheibriados
Dithmenos
Elyvilon
Fedhas
Gozag
Hepliaklqana
Kikubaaqudgha
Makhleb
Nemelex Xobeh
Okawaru
Qazlal
Ru
Sif Muna
Trog
Uskayaw
Vehumet
Wu Jian
Xom
Yredelemnul
Zin
The Shining One

Shops:
D:2 ?

Annotations:
D:7 2 transporters, Harold


Innate Abilities, Weirdness & Mutations

Your life essence is reduced to manifest your ancestor. (-10% HP)
You are immune to sickness and miasma.
Your stone body is resilient. (AC +7)
You are immune to poison.
You resist negative energy. (rN+)
You are resistant to electric shocks. (rElec)
You are resistant to unholy torment.
You are immune to petrification.


Message History

* * * LOW HITPOINT WARNING * * *
A gnoll comes into view. It is wielding a +0 whip.
The gnoll shouts!
The foxfire hits the sky beast.
The sky beast is almost dead.
The foxfire hits the sky beast!
You kill the sky beast!
A boulder beetle comes into view.
You have reached level 10!
The gnoll throws a throwing net.
The throwing net hits you.
You become entangled in the net!
A gnoll shaman comes into view. It is wielding a +0 club.
You see here a throwing net.
You struggle against the net.
The gnoll shaman shouts!
You hear a shout!
An orc comes into view. It is wielding a +0 whip.
You struggle against the net.
Harold the Weathered comes into view.
He is wielding a +0 mace.
You rip the net and break free!
The gnoll hits you but does no damage.
The boulder beetle leaps!
The gnoll hits you but does no damage.
You see here a sky beast corpse.
There is a stone staircase leading down here.
The gnoll hits you with a +0 club.
* * * LOW HITPOINT WARNING * * *
You climb downwards.
Found a scroll of teleportation.
There is a stone staircase leading up here.
Casting: Foxfire (safe; 1% risk of failure)
Confirm with . or Enter, or press ? or * to list all spells.
Flames lash the gnoll.
You kill the gnoll!
Found a stone staircase leading up.
Found 29 arrows.
There is a stone staircase leading up here.
You climb upwards.
Level annotation: 2 transporters, Harold
There is a stone staircase leading down here.
Harold hits you with a +0 mace!
You die...

#... .#.. ## ...#
#.## ... #..# ..#
#########.#####.#
#....##.........#
#..>.##...o.@@..##..
#...g.....†..........
#....##.........#####
#....##.........#
#######.........#
#.........#
#.........#
#.........#
###########


You could see Harold and an orc.

Vanquished Creatures
  Menkaure (Ossuary)
  A hornet zombie (D:8)
  2 ice beasts
  A black bear (D:5)
  A sky beast (D:7)
  An orc warrior (D:7)
  A necrophage (D:3)
  4 ogres
  2 phantoms
  A centaur (D:5)
  2 bullfrogs
  3 kobold brigands
  A wyvern zombie (D:8)
  A scorpion (D:5)
  3 killer bees (D:8)
  5 wights (D:7)
  A jelly (D:4)
  2 orc priests
  A gnoll shaman (D:8)
  4 hounds
  A bullfrog skeleton (D:6)
  2 iguanas
  A merfolk siren (Sewer)
  A merfolk avatar (Sewer)
  A killer bee zombie (D:8)
  3 mummies (Ossuary)
  Robin (D:4)
  16 gnolls
  7 adders
  3 river rats
  A white imp (D:7)
  An ufetubus (D:6)
  2 dart slugs
  12 orcs
  6 bats
  2 endoplasms (D:1)
  4 giant cockroaches
  17 goblins
  10 hobgoblins
  4 jackals
  8 quokkas
  9 ball pythons
  7 frilled lizards
  3 gnoll skeletons (Ossuary)
  6 gnoll zombies (Ossuary)
  5 goblin skeletons (Ossuary)
  4 goblin zombies (Ossuary)
  4 hobgoblin skeletons (Ossuary)
  4 hobgoblin zombies (Ossuary)
  15 kobolds
  4 kobold skeletons (Ossuary)
  4 kobold zombies (Ossuary)
  5 orc skeletons (Ossuary)
  2 orc zombies (Ossuary)
  30 rats
  4 rat skeletons (Ossuary)
  5 rat zombies (Ossuary)
252 creatures vanquished.

Vanquished Creatures (collateral kills)
  A wraith (D:7)
  A steam dragon (D:7)
  A gnoll (D:8)
  A kobold (D:8)
  2 foxfires (D:1)
6 creatures vanquished.

Vanquished Creatures (others)
  3 ancestors
  963 foxfires
966 creatures vanquished.

Grand Total: 1224 creatures vanquished

Notes
Turn   | Place    | Note
-------+----------+-------------------------------------------
     0 | D:1      | 101zpm the Gargoyle Fire Elementalist began the quest for
                  | the Orb.
     0 | D:1      | Reached XP level 1. HP: 10/10 MP: 3/3
   357 | D:1      | Reached XP level 2. HP: 15/15 MP: 0/5
   918 | D:1      | Learned a level 2 spell: Scorch
  1237 | D:1      | Found a faded altar of an unknown god.
  1322 | D:1      | Reached XP level 3. HP: 13/19 MP: 0/6
  2312 | D:2      | Found Fibrog Atru's Magic Scroll Shop.
  3035 | D:2      | Found an opulent altar of Gozag.
  3182 | D:2      | Bought a scroll of identify for 20 gold pieces
  3182 | D:2      | Bought a scroll of identify for 20 gold pieces
  3182 | D:2      | Bought a scroll of noise for 10 gold pieces
  3182 | D:2      | Bought a scroll of fog for 20 gold pieces
  3224 | D:2      | Reached XP level 4. HP: 21/24 MP: 2/8
  3520 | D:2      | Reached XP level 5. HP: 25/28 MP: 5/9
  4381 | D:4      | Noticed Robin
  4699 | D:4      | Reached XP level 6. HP: 32/32 MP: 0/11
  5337 | D:4      | Reached skill level 5 in Fire Magic
  5338 | D:4      | Killed Robin
  5622 | D:5      | Entered Level 5 of the Dungeon
  5636 | D:5      | Reached XP level 7. HP: 36/36 MP: 5/13
  6000 | D:5      | Found a staircase to the Ecumenical Temple.
  6158 | D:5      | Learned a level 3 spell: Conjure Flame
  6162 | D:5      | Learned a level 3 spell: Inner Flame
  6164 | D:5      | Learned a level 1 spell: Magic Dart
  6342 | D:5      | Reached skill level 5 in Spellcasting
  6744 | D:5      | Reached XP level 8. HP: 41/41 MP: 9/16
  6911 | Temple   | Entered the Ecumenical Temple
  7226 | Temple   | Became a worshipper of Hepliaklqana the Forgotten
  7395 | D:6      | Reached skill level 1 in Hexes
  7472 | D:6      | Found a glowing drain.
  7483 | Sewer    | Entered a sewer
  9470 | D:6      | Reached * piety under Hepliaklqana
  9870 | D:5      | Reached XP level 9. HP: 41/41 MP: 10/19
 10476 | D:7      | Found a transporter.
 10561 | D:7      | Found a transporter.
 10582 | D:7      | Reached skill level 5 in Conjurations
 10997 | D:7      | Found a broken altar of Ashenzari.
 11262 | D:8      | Found a sand-covered staircase.
 11268 | Ossuary  | Entered an ossuary
 12247 | Ossuary  | Noticed Menkaure
 12251 | Ossuary  | Killed Menkaure
 12863 | D:8      | Reached skill level 1 in Fighting
 12894 | D:7      | Noticed a boulder beetle
 12895 | D:7      | Reached XP level 10. HP: 7/46 MP: 0/21
 12897 | D:7      | Noticed Harold
 12920 | D:7      | Mangled by Harold

Illustrated notes

Levels and vault maps discovered:
D:1:      scummos_arrival_checkerplants, layout_basic,
          ebering_ecumenical_altar_hall
D:2:      kennysheep_big_flooded_room, layout_basic, serial_shops,
          nicolae_diamond_shop, basic_altar
D:3:      layout_rooms
D:4:      layout_basic, uniq_robin
D:5:      layout_gridville, minmay_temple_entry_statues_fountains
D:6:      layout_loops_cross, gup_sewer_entry_bubbles
D:7:      gammafunk_cloud_chamber, layout_rooms, nicolae_ashenzari_skybound,
          roderic_roman_lattice, minivault_26, uniq_harold
D:8:      layout_cave_pools, lightli_ossuary_entry_decrepit_ruins
Temple:   mainiacjoe_temple_circle_huts

Skill      XL: |  1  2  3  4  5  6  7  8  9 |
---------------+----------------------------+-----
Spellcasting   | 3 4 5 6 7 |  7.9
Conjurations   | 2 3 4 6 |  6.5
Fire Magic     | 4 5 6 7 |  7.8
Dodging        | 2 |  2.5
Stealth        | 3 |  3.3
Hexes          | 1 3 |  3.3
Fighting       | 1 |  1.0
Axes           | |  0.7
Unarmed Combat | |  0.1

Action                   |  1- 3 |  4- 6 |  7- 9 | 10-12 || total
-------------------------+-------+-------+-------+-------++-------
Melee: Unarmed           |    15 |     3 |       |       ||    18
       Hand axe          |       |     9 |    34 |       ||    43
       Broad axe         |       |       |    14 |       ||    14
 Cast: Foxfire           |   127 |   111 |   357 |       ||   595
       Scorch            |     5 |    29 |    60 |     1 ||    95
       Inner Flame       |       |       |    52 |       ||    52
       Magic Dart        |       |       |     8 |       ||     8
       Conjure Flame     |       |       |     1 |       ||     1
Invok: Recall Ancestor   |       |       |     1 |       ||     1
  Use: Scroll            |     2 |     1 |     8 |       ||    11
       Potion            |       |       |     2 |       ||     2
Armor: Robe              |     3 |    11 |    26 |     2 ||    42
Dodge: Dodged            |    13 |    24 |    73 |       ||   110
